 Dungeon Crawl Stone Soup version 0.17.0-24-gcfadda4 (webtiles) character file.

30475 Helmschank the Severer (level 13, -14/107 HPs)
             Began as a Hill Orc Abyssal Knight on Nov 17, 2015.
             Was the Champion of Lugonu.
             Killed from afar by an ice statue (22 damage)
             ... with a shard of ice
             ... in an ice cave on Nov 18, 2015.
             The game lasted 01:40:45 (22314 turns).

Helmschank the Severer (Hill Orc Abyssal Knight)   Turns: 22314, Time: 01:40:45

Health: -14/107    AC: 21    Str: 20    XL:     13   Next: 51%
Magic:  23/23      EV:  8    Int: 12    God:    Lugonu [******]
Gold:   924        SH:  0    Dex: 10    Spells: 0 memorised, 12 levels left

rFire  + . .     SeeInvis .     d - +5 battleaxe (vamp)
rCold  + . .     Clarity  .     k - +0 chain mail {rPois}
rNeg   . . .     SustAt   +     (shield currently unavailable)
rPois  +         Gourm    +     s - +0 helmet
rElec  +         Spirit   .     P - +0 cloak
rCorr  +         Warding  .     L - +1 pair of gloves
rMut   .         Stasis   .     I - +0 pair of boots
MR     .....                    y - amulet of the gourmand
Stlth  ..........               N - +3 ring of protection
                                l - ring of sustain attributes

@: resistant, not resistant to hostile enchantments, extremely unstealthy
A: no striking features
a: Depart the Abyss, Bend Space, Banish, Corrupt, Enter the Abyss, Brand Weapon
With Distortion, Renounce Religion


You were in an ice cave.
You worshipped Lugonu.
Lugonu was exalted by your worship.
You were very full.

You visited 3 branches of the dungeon, and saw 16 of its levels.
You visited the Abyss 1 time.
You also visited: Ossuary and Ice Cave.

You collected 1080 gold pieces.
You spent 156 gold pieces at shops.

Inventory:

Hand Weapons
 d - a +5 vampiric battleaxe (weapon)
 q - the +6 flail "Tofaw" {elec, rN+}
   (You took it off an orc wizard on level 9 of the Dungeon)

   Occasionally, upon striking a foe, it will discharge some electrical energy
   and cause terrible harm.
   It protects you from negative energy.
 D - a +0 blowgun
Missiles
 w - 3 tomahawks (quivered)
 C - 13 curare-tipped needles
 R - 19 poisoned needles
 U - 407 stones
Armour
 k - a +0 chain mail of poison resistance (worn)
 s - a +0 helmet (worn)
 I - a +0 pair of boots (worn)
 L - a +1 pair of gloves (worn)
 P - a +0 cloak (worn)
 S - a +0 plate armour
Jewellery
 h - an uncursed amulet of resist corrosion
 l - a ring of sustain attributes (left hand)
 n - an uncursed ring of protection from magic
 y - an amulet of the gourmand (around neck)
 N - a +3 ring of protection (right hand)
Wands
 j - a wand of disintegration (9)
 m - a wand of frost (28)
 A - a wand of fireball (0)
 K - a wand of polymorph (13)
 M - a wand of draining (8)
 O - a wand of polymorph (6)
 T - a wand of lightning (10)
Scrolls
 a - a scroll of brand weapon {unknown}
 e - 3 scrolls of fog
 r - 4 scrolls of teleportation
 B - 4 scrolls of remove curse
 E - a scroll of identify
 H - 2 scrolls of magic mapping
 V - a scroll of torment {unknown}
Potions
 f - 2 potions of lignification
 g - a potion of resistance
 i - a potion of ambrosia
 o - 3 potions of haste
 p - a potion of cancellation
 t - 3 potions of magic
 u - 2 potions of invisibility
 v - 6 potions of flight
 z - 2 potions of curing
 F - a potion of might
 Q - a potion of berserk rage
Comestibles
 b - 8 fruits
 c - 8 bread rations
 x - 11 royal jellies
 G - 6 meat rations
 J - 7 chunks of flesh


   Skills:
 + Level 7.7 Fighting
 * Level 19.5 Axes
 + Level 10.8 Armour
 - Level 0.7 Dodging
 - Level 14.1 Invocations


You had 12 spell levels left.
You didn't know any spells.

Dungeon Overview and Level Annotations

Branches:
Dungeon (10/15)            Temple (1/1) D:7            Lair (5/8) D:10
  Swamp (0/4) Lair:4       Spider (0/4) Lair:4
    Orc: D:9-12

Altars:
Ashenzari
Cheibriados
Dithmenos
Elyvilon
Fedhas
Gozag
Kikubaaqudgha
Makhleb
Nemelex Xobeh
Okawaru
Qazlal
Ru
Sif Muna
Trog
Vehumet
Xom
Yredelemnul
Zin
The Shining One
Lugonu

Shops:
D:4 (

Portals:
Trove: D:10 (give wand of hasting (8))

Annotations:
D:3 jw's ghost, amateur OpBe
Abyss:1 Prince Ribbit; Sigmund IceCv exclusion: 2 ice statues


Message History

The ice beast hits you but does no damage.
You are engulfed in freezing vapours.
You resist.
* * * LOW HITPOINT WARNING * * *
The ice statue throws ice at you. The shard of ice misses you.
The ice beast hits you but does no damage.
The ice statue glitters chillingly in the dim dungeon light.
The ice statue throws ice at you. The shard of ice hits you!
You partially resist.
* * * LOW HITPOINT WARNING * * *
The ice statue throws cold at you. The freezing blast engulfs you! You resist.
* * * LOW HITPOINT WARNING * * *
The ice beast closely misses you.
Drink which item? (? for menu, Esc to quit)
You feel better.
You are engulfed in freezing vapours.
You resist.
* * * LOW HITPOINT WARNING * * *
The ice statue throws ice at you. The shard of ice hits you!
You partially resist.
You die...

##### #### ####§#.##
##..## #### #8§§§...##
#....#####..####§Y§§...#
.......##....##§@§§§...#
.∩.∩.......#..§§§§§§...#
..........###.§.Y.§§§§##
#....##..## ###...§§§.#
##..###### ##§§§§§.#
#### #8..§...# ##Y....##
#....## #..##


You could see 2 ice statues and 3 ice beasts.

Vanquished Creatures
  5 death yaks
  Sonja (Lair:1)
  The ghost of jw the Sneak, a novice OpBe of Trog (D:7)
  An orb spider (Lair:4)
  A cyclops (D:9)
  2 black mambas
  An oklob plant (Lair:1)
  7 elephants
  A molten gargoyle (Lair:4)
  Maurice (D:9)
  A torpor snail (Lair:3)
  A kobold demonologist (D:9)
  4 komodo dragons
  2 spiny frogs
  A troll (D:10)
  9 blink frogs
  A blue devil (IceCv)
  A wraith (D:9)
  2 deep elf magi (D:9)
  3 wyverns
  26 yaks
  3 basilisks
  A hungry ghost (D:9)
  The ghost of jw the Sneak, an amateur OpBe of Trog (D:6)
  6 wolves (Lair:4)
  5 hippogriffs
  Edmund (D:6)
  4 water moccasins
  2 soldier ants (D:8)
  A swamp drake (Lair:4)
  7 porcupines
  4 orc warriors
  9 ice beasts
  A black bear (Lair:2)
  6 ogres
  5 sky beasts
  4 phantoms
  8 centaurs
  4 crocodiles
  16 giant frogs
  Blork the orc (D:4)
  An elf zombie (Ossuary)
  2 big kobolds
  A gnoll sergeant (D:6)
  A wyvern skeleton (D:9)
  A water moccasin skeleton (D:9)
  4 scorpions
  2 killer bees
  5 wights (D:9)
  A wasp zombie (D:9)
  3 crimson imps
  2 giant frog zombies
  3 jellies (D:6)
  3 lava snakes (Lair:4)
  2 centaur skeletons
  10 orc wizards
  3 centaur zombies
  5 hounds
  A human zombie (Ossuary)
  A giant frog skeleton (D:4)
  7 iguanas
  8 orc priests
  8 worker ants
  A big kobold zombie (Ossuary)
  3 hound skeletons
  2 mummies (Ossuary)
  12 adders
  14 gnolls
  25 river rats
  2 shadow imps
  A giant eyeball (Lair:4)
  4 ufetubi (IceCv)
  7 white imps (IceCv)
  4 oozes
  3 adder zombies
  A worm (D:2)
  An adder skeleton (D:5)
  8 giant geckos
  40 orcs
  2 ball pythons
  7 goblins
  13 hobgoblins
  17 kobolds
  4 bats
  5 giant cockroaches
  2 giant gecko skeletons
  9 giant newts
  A goblin zombie (Ossuary)
  9 hobgoblin zombies (Ossuary)
  A jackal zombie (Ossuary)
  16 kobold zombies (Ossuary)
  4 orc zombies (Ossuary)
  3 quokkas
  4 rats
  A rat zombie (Ossuary)
  4 fungi
465 creatures vanquished.

Vanquished Creatures (others)
  A hydra (Lair:4)
  A molten gargoyle (Lair:4)
  An orc warrior (D:6)
  A lava snake (Lair:4)
  A centaur zombie (Ossuary)
  A white imp (IceCv)
  2 ufetubi (IceCv)
  3 fungi (Lair:4)
11 creatures vanquished.

Grand Total: 476 creatures vanquished

Notes
Turn   | Place    | Note
--------------------------------------------------------------
     0 | Abyss:1  | Helmschank the Hill Orc Abyssal Knight began the quest for the Orb.
     0 | Abyss:1  | Reached XP level 1. HP: 19/19 MP: 2/2
    28 | D:1      | Escaped the Abyss
   411 | D:1      | Reached XP level 2. HP: 21/26 MP: 4/4
  1036 | D:1      | Reached ** piety under Lugonu
  1124 | D:2      | Found a basalt altar of Yredelemnul.
  1212 | D:2      | Reached skill level 4 in Axes
  1212 | D:2      | Reached XP level 3. HP: 13/31 MP: 5/5
  1633 | D:2      | Found an iron altar of Okawaru.
  2273 | D:3      | Reached XP level 4. HP: 36/39 MP: 6/6
  2602 | D:3      | Reached skill level 5 in Axes
  2851 | D:3      | Noticed jw's ghost (amateur OpBe)
  3079 | D:3      | Reached XP level 5. HP: 38/45 MP: 8/8
  3106 | D:3      | Reached *** piety under Lugonu
  3202 | D:3      | Found a shattered altar of Ashenzari.
  3813 | D:3      | Reached skill level 6 in Axes
  3941 | D:3      | Found a glowing golden altar of the Shining One.
  4395 | D:4      | Found a sand-covered staircase.
  4403 | Ossuary  | Entered an ossuary
  4483 | Ossuary  | Reached skill level 5 in Invocations
  4546 | Ossuary  | Reached XP level 6. HP: 51/51 MP: 9/9
  4553 | Ossuary  | Reached **** piety under Lugonu
  4894 | Ossuary  | HP: 2/52 [mummy (8)]
  5194 | Ossuary  | Reached skill level 7 in Axes
  5669 | D:4      | Reached XP level 7. HP: 40/59 MP: 11/11
  5791 | D:4      | Noticed an ogre
  5797 | D:4      | Killed an ogre
  6031 | D:4      | Reached skill level 8 in Axes
  6043 | D:4      | Noticed an ogre
  6050 | D:4      | Killed an ogre
  6172 | D:4      | Found Bued Cep's Antique Weapon Shoppe.
  6209 | D:4      | Bought a runed battleaxe for 156 gold pieces
  6358 | D:4      | Noticed Blork the orc
  6374 | D:4      | Killed Blork the orc
  6610 | D:5      | Entered Level 5 of the Dungeon
  6631 | D:5      | Noticed Prince Ribbit
  6663 | D:5      | Banished Prince Ribbit
  6663 | D:5      | Reached skill level 5 in Fighting
  6663 | D:5      | Reached skill level 9 in Axes
  6663 | D:5      | Reached XP level 8. HP: 10/68 MP: 12/12
  7049 | D:5      | Found a bloodstained altar of Trog.
  7094 | D:5      | Found a deep blue altar of Sif Muna.
  7237 | D:5      | Noticed Sigmund
  7293 | D:5      | Banished Sigmund
  7632 | D:5      | Found a shadowy altar of Dithmenos.
  7952 | D:6      | Noticed Edmund
  7987 | D:6      | Killed Edmund
  8185 | D:6      | Found a sacrificial altar of Ru.
  8322 | D:6      | Reached skill level 10 in Axes
  8598 | D:6      | Reached skill level 5 in Armour
  8612 | D:6      | Killed jw's ghost
  8612 | D:6      | Reached XP level 9. HP: 72/75 MP: 14/14
  8634 | D:6      | Found an ancient bone altar of Kikubaaqudgha.
  8666 | D:6      | Found a sparkling altar of Nemelex Xobeh.
  8949 | D:6      | Reached skill level 11 in Axes
  9557 | D:7      | Noticed jw's ghost (novice OpBe)
  9737 | D:6      | Reached skill level 12 in Axes
 10491 | D:7      | Found a staircase to the Ecumenical Temple.
 10520 | Temple   | Entered the Ecumenical Temple
 10725 | D:7      | Killed jw's ghost
 10725 | D:7      | Reached skill level 13 in Axes
 10725 | D:7      | Reached XP level 10. HP: 29/83 MP: 17/17
 10782 | D:7      | Reached ***** piety under Lugonu
 11271 | D:8      | Reached skill level 10 in Invocations
 11468 | D:8      | Found an opulent altar of Gozag.
 12334 | D:9      | Reached skill level 14 in Axes
 13431 | D:9      | Got a twisted flail {elec}
 13609 | D:9      | Noticed a soul eater
 13890 | D:9      | Reached XP level 11. HP: 63/89 MP: 19/19
 14038 | D:9      | Reached skill level 15 in Axes
 14256 | D:9      | Noticed a cyclops
 14281 | D:9      | Killed a cyclops
 14548 | D:9      | Identified the +6 flail "Tofaw" {elec, rN+} (You took it off an orc wizard on level 9 of the Dungeon)
 14736 | D:9      | Noticed Maurice
 14831 | D:9      | Killed Maurice
 14891 | D:9      | Found a burning altar of Makhleb.
 15388 | D:10     | Entered Level 10 of the Dungeon
 15415 | D:10     | Reached ****** piety under Lugonu
 15426 | D:10     | Found a staircase to the Lair.
 15508 | D:10     | Found a portal to a secret trove of treasure.
 15635 | D:10     | Reached skill level 16 in Axes
 16069 | Lair:1   | Entered Level 1 of the Lair of Beasts
 16150 | Lair:1   | Noticed Sonja
 16188 | Lair:1   | Killed Sonja
 17593 | Lair:1   | Found a burning altar of Makhleb.
 17606 | Lair:1   | Reached XP level 12. HP: 61/95 MP: 21/21
 17804 | Lair:1   | Reached skill level 17 in Axes
 19254 | Lair:2   | Reached skill level 10 in Armour
 19329 | Lair:3   | Noticed a death yak
 19329 | Lair:3   | Noticed a death yak
 19356 | Lair:2   | Killed a death yak
 19356 | Lair:2   | Reached skill level 18 in Axes
 19367 | Lair:2   | Killed a death yak
 19639 | Lair:3   | Noticed a death yak
 19650 | Lair:3   | Killed a death yak
 19651 | Lair:3   | Noticed a death yak
 19651 | Lair:3   | Noticed a death yak
 19680 | Lair:3   | Killed a death yak
 19685 | Lair:3   | Killed a death yak
 20138 | Lair:4   | Reached XP level 13. HP: 102/102 MP: 23/23
 20395 | Lair:4   | HP: 2/102 [molten gargoyle/bolt of magma (22)]
 20411 | Lair:4   | Found a staircase to the Swamp.
 20828 | Lair:4   | Noticed a five-headed hydra
 20831 | Lair:4   | Banished a five-headed hydra
 20938 | Lair:4   | Reached skill level 19 in Axes
 21222 | Lair:4   | Found a hole to the Spider Nest.
 21804 | Lair:4   | Paralysed by a giant eyeball for 3 turns
 21971 | Lair:5   | Found a frozen archway.
 22196 | IceCv    | Entered an ice cave
 22313 | IceCv    | HP: 4/107 [ice statue/freezing blast (7)]
 22314 | IceCv    | Killed from afar by an ice statue

Action                   |  1- 3 |  4- 6 |  7- 9 | 10-12 | 13-15 || total
-------------------------+-------+-------+-------+-------+-------++-------
Melee: Hand axe          |   116 |   305 |   202 |       |       ||   623
       Battleaxe         |       |       |   197 |   828 |   231 ||  1256
       Unarmed           |       |       |       |     5 |       ||     5
Throw: Stone             |       |    26 |    28 |    19 |       ||    73
       Tomahawk          |       |       |       |    37 |     5 ||    42
Invok: Banish            |       |     1 |     3 |       |     4 ||     8
       Bend Space        |       |       |       |       |     2 ||     2
Evoke: Wand              |       |       |     1 |     2 |     3 ||     6
  Use: Scroll            |       |    15 |     6 |     6 |     7 ||    34
       Potion            |       |     1 |     1 |     4 |     5 ||    11
 Stab: Distracted        |       |       |     1 |       |       ||     1
       Confused          |       |       |       |     1 |       ||     1
  Eat: Chunk             |     4 |     6 |    13 |    56 |     8 ||    87
       Beef jerky        |       |     1 |     1 |       |       ||     2
       Meat ration       |       |     1 |       |       |       ||     1
       Royal jelly       |       |       |     3 |       |       ||     3
       Fruit             |       |       |       |     1 |       ||     1
